 Dungeon Crawl Stone Soup version 0.20.1-1-g8b1a95d (webtiles) character file.

59 Jareth the Skirmisher (level 3, -3/34 HPs)
             Began as a Minotaur Abyssal Knight on Oct 18, 2017.
             Was a Believer of Lugonu.
             Slain by an orc
             ... wielding a +0 club
              (6 damage)
             ... on level 3 of the Dungeon.
             The game lasted 00:10:30 (1602 turns).

Jareth the Skirmisher (Minotaur Abyssal Knight)     Turns: 1602, Time: 00:10:33

Health: -3/34      AC:  5    Str: 17    XL:     3   Next: 78%
Magic:  3/3        EV: 11    Int:  9    God:    Lugonu [**....]
Gold:   104        SH:  0    Dex:  9    Spells: 2/2 levels left

rFire    . . .     SeeInvis +   a - +1 spear
rCold    . . .     Gourm    .   (no shield)
rNeg     . . .     Faith    .   d - +0 ring mail
rPois    .         Spirit   .   (helmet restricted)
rElec    .         Reflect  .   (no cloak)
rCorr    .         Harm     .   (no gloves)
MR       .....                  (no boots)
Stlth    ..........             (no amulet)
Regen    0.2/turn               m - ring of see invisible
MPRegen  0.1/turn               (no ring)

@: no status effects
A: retaliatory headbutt, horns 2
a: Depart the Abyss, Bend Space, Renounce Religion


You were on level 3 of the Dungeon.
You worshipped Lugonu.
Lugonu was pleased with you.
You were not hungry.

You visited 1 branch of the dungeon, and saw 3 of its levels.
You visited the Abyss 1 time.

You collected 104 gold pieces.

Inventory:

Hand Weapons
 a - a +1 spear (weapon)
 g - a +0 hunting sling
Missiles
 h - 38 stones
 i - 3 tomahawks (quivered)
Armour
 d - a +0 ring mail (worn)
Jewellery
 m - a ring of see invisible (left hand)
Wands
 j - a wand of random effects (28/48)
Scrolls
 b - a scroll of teleportation
 e - 2 scrolls of remove curse {unknown}
 k - a scroll of blinking {unknown}
Potions
 f - a potion of degeneration
Comestibles
 c - a bread ration


   Skills:
 + Level 4.5 Fighting
 + Level 2.8 Polearms
 + Level 3.4 Armour
 + Level 1.5 Dodging
 + Level 2.1 Invocations


You had 2 spell levels left.
You didn't know any spells.

Dungeon Overview and Level Annotations

Branches:
Dungeon (3/15)

Altars:
Elyvilon
Makhleb
Trog


Innate Abilities, Weirdness & Mutations

You reflexively headbutt those who attack you in melee.
You have a pair of horns on your head.


Message History

You headbutt the orc, but do no damage. You barely miss the orc.
The orc is severely wounded.
The orc hits you but does no damage.
You hit the orc.
The orc is severely wounded.
The orc hits you with a hand axe. The orc hits you but does no damage. x2
You hit the orc.
You kill the orc!
Lugonu accepts your kill. The orc hits you but does no damage.
The kobold throws a stone.
The stone barely misses you. The orc hits you with a club.
The gnoll hits you from afar with a spear.
You closely miss the gnoll. Your headbutt misses the gnoll.
The orc hits you with a hand axe. The gnoll hits you with a flail!
* * * LOW HITPOINT WARNING * * *
The gnoll hits you from afar with a spear!
* * * LOW HITPOINT WARNING * * *
The orc hits you with a club.
You die...

#### #.......# .. ...#
#.......## .. ...###........###
. .....####.###...#########.# .
..##....#.# ###.........#.# ...
<.#####...## ########....#%...
.....###)..##### ###..#......
...............#####.(.(..##...
.....####.###..o@#...o.....# .o
.##### #.###.##goo.(.####..o..
.# #.##....Kgg.....# ##... .#
#.......####.##.....o.. .#
#..#.#### #......g. K .. #..#.#
.....g#.. ## ......# .#........
........ ........ ..........
###.....


You could see 3 gnolls, 3 orcs and a kobold.

Vanquished Creatures
  2 dart slugs
  3 leopard geckos (D:1)
  An orc (D:3)
  4 bats
  11 giant cockroaches (D:2)
  A goblin (D:2)
  4 hobgoblins
  4 jackals (D:2)
  A quokka (D:2)
  2 ball pythons
  2 frilled lizards
  5 kobolds
  4 rats
44 creatures vanquished.

Notes
Turn   | Place    | Note
-------+----------+-------------------------------------------
     0 | Abyss:1  | Jareth the Minotaur Abyssal Knight began the quest for the Orb.
     0 | Abyss:1  | Reached XP level 1. HP: 19/19 MP: 1/1
    45 | D:1      | Escaped the Abyss
   210 | D:1      | Reached XP level 2. HP: 16/27 MP: 2/2
   489 | D:2      | Reached skill level 4 in Fighting
   603 | D:2      | Reached XP level 3. HP: 33/33 MP: 3/3
   604 | D:2      | Reached ** piety under Lugonu
   826 | D:2      | Found a bloodstained altar of Trog.
  1021 | D:3      | HP: 1/34 [orc/hand axe (2)]
  1035 | D:2      | Found a burning altar of Makhleb.
  1035 | D:2      | Found a white marble altar of Elyvilon.
  1602 | D:3      | Slain by an orc

Skill      XL: |  1  2 |
---------------+-------+-----
Armour         | 3 |  3.4
Fighting       | 4 |  4.5
Invocations    | 2 |  2.1
Polearms       | |  2.8
Dodging        | |  1.5

Action                   || total
-------------------------++-------
Melee: Spear             ||   112
       Headbutt          ||    13
Throw: Tomahawk          ||     8
       Stone             ||     1
Invok: Bend Space        ||     1
  Use: Scroll            ||     5
       Potion            ||     1
  Eat: Bread ration      ||     1
Armor: Ring mail         ||    56
Dodge: Dodged            ||    83
